 Dungeon Crawl Stone Soup version 0.19.1 (webtiles) character file.

224 Monsterracer the Digger (level 6, -1/32 HPs)
             Began as a Gargoyle Earth Elementalist on Nov 23, 2016.
             Slain by a phantom (6 damage)
             ... on level 4 of the Dungeon on Nov 24, 2016.
             The game lasted 00:13:28 (3690 turns).

Monsterracer the Digger (GrEE)                      Turns: 3690, Time: 00:13:29

Health: -1/32      AC:  7    Str: 12    XL:     6   Next: 0%
Magic:  13/19      EV: 12    Int: 17    God:
Gold:   139        SH:  0    Dex: 10    Spells: 3 memorised, 2 levels left

rFire  . . .     SeeInvis .     h - +0 club
rCold  . . .     Gourm    .     c - +0 robe
rNeg   + . .     Faith    .     (no shield)
rPois  ∞         Spirit   .     (no helmet)
rElec  +         Reflect  .     b - +0 cloak
rCorr  +         Harm     .     (no gloves)
MR     .....                    (no boots)
Stlth  ++........               (no amulet)
                                i - ring of magical power
                                a - ring of resist corrosion

@: no status effects
A: negative energy resistance 1, electricity resistance, unbreathing,
petrification resistance, rot immunity, AC +4
a: no special abilities


You were on level 4 of the Dungeon.
You were near starving.

You visited 1 branch of the dungeon, and saw 4 of its levels.

You collected 139 gold pieces.

Inventory:

Hand Weapons
 h - a +0 club (weapon)
Armour
 b - a +0 cloak (worn)
 c - a +0 robe (worn)
Jewellery
 a - a ring of resist corrosion (left hand)
 e - an uncursed ring of fire
 i - a ring of magical power (right hand)
Scrolls
 f - a scroll of noise {unknown}
 g - a scroll of blinking {unknown}
 j - a scroll of identify {unknown}
 l - a scroll of fear {unknown}
Comestibles
 d - 3 bread rations
 k - a meat ration


   Skills:
 * Level 2.3 Maces & Flails
 - Level 1.5 Dodging
 - Level 2.1 Stealth
 * Level 3.1 Spellcasting
 + Level 1.9 Conjurations
   Level 0.7 Transmutations
 * Level 5.7 Earth Magic


You had 2 spell levels left.
You knew the following spells:

 Your Spells              Type           Power        Failure   Level  Hunger
a - Sandblast             Erth           ###...       1%          1    None
b - Stone Arrow           Conj/Erth      ###...       12%         3    ###....
c - Lee's Rapid Deconstr  Erth           ###.......   45%         5    ######.


Dungeon Overview and Level Annotations

Branches:
Dungeon (4/15)
 Temple: D:4-7

Altars:


Innate Abilities, Weirdness & Mutations

You are resistant to torment.
Your stone body is resilient. (AC +4)
You are immune to poison.
You resist negative energy. (rN+)
You are resistant to electric shocks. (rElec)
You can survive without breathing.
You are immune to petrification.
You are immune to rotting.


Message History

j - a scroll labeled TIPHIFEXZUIM
l - a scroll labeled SECZOCZ VIGGOWK A phantom comes into view.
Found 10 gold pieces.
The phantom blinks!
The phantom hits you.
You closely miss the phantom. The phantom barely misses you.
You hit the phantom.
The phantom is lightly damaged.
The phantom hits you.
* * * LOW HITPOINT WARNING * * *
You are too injured to fight recklessly!
You aren't carrying any potions.
Casting: Stone Arrow
Confirm with . or Enter, or press ? or * to list all spells.
Aiming: Stone Arrow
Press: ? - help, Shift-Dir - straight line, f - phantom
Aim: a phantom (lightly damaged)
The stone arrow misses the phantom.
The phantom hits you.
You die...

####### ##
#.....#..
#.....#.##
#........
#....W#.#
#....@#.#
###.#...#
#.....#
###...#####.
##..$.....
#.#######
#.# #+## #.#
##...## #.#
##.....##


You could see a phantom.

Vanquished Creatures
  A centaur zombie (D:3)
  Jessica (D:2)
  Ijyb (D:3)
  An iguana (D:4)
  6 adders (D:2)
  An ooze (D:2)
  2 worms (D:2)
  2 dart slugs
  5 giant cockroaches
  4 goblins
  A hobgoblin (D:1)
  4 jackals (D:2)
  A quokka (D:2)
  7 bats
  2 frilled lizards
  5 kobolds
  10 rats
54 creatures vanquished.

Notes
Turn   | Place    | Note
-------+----------+-------------------------------------------
     0 | D:1      | Monsterracer the Gargoyle Earth Elementalist began the quest for the Orb.
     0 | D:1      | Reached XP level 1. HP: 10/10 MP: 3/3
   202 | D:1      | Reached skill level 4 in Earth Magic
   253 | D:1      | Reached XP level 2. HP: 15/15 MP: 3/5
  1094 | D:2      | Reached XP level 3. HP: 19/19 MP: 0/6
  1159 | D:2      | Learned a level 3 spell: Stone Arrow
  1706 | D:2      | Reached skill level 1 in Maces & Flails
  2000 | D:2      | Reached XP level 4. HP: 22/24 MP: 7/7
  2095 | D:2      | Reached skill level 5 in Earth Magic
  2275 | D:2      | Noticed Jessica
  2281 | D:2      | Killed Jessica
  2281 | D:2      | Reached skill level 1 in Conjurations
  2297 | D:2      | Reached XP level 5. HP: 28/28 MP: 2/9
  2514 | D:2      | Learned a level 5 spell: Lee's Rapid Deconstruction
  2799 | D:3      | Upgraded the game from 0.19.0-26-g9e9c210 to 0.19.1
  2911 | D:3      | Noticed Ijyb
  2916 | D:3      | Killed Ijyb
  3663 | D:4      | Reached XP level 6. HP: 14/32 MP: 10/10
  3682 | D:4      | Noticed a phantom
  3690 | D:4      | Slain by a phantom

Skill      XL: |  1  2  3  4  5 |
---------------+----------------+-----
Earth Magic    | 4 5 |  5.7
Maces & Flails | 1 2 |  2.3
Conjurations   | 1 |  1.9
Spellcasting   | 3 |  3.1
Dodging        | |  1.5
Stealth        | |  2.1
Transmutations | |  0.7

Action                   |  1- 3 |  4- 6 || total
-------------------------+-------+-------++-------
Melee: Unarmed           |    16 |       ||    16
       Club              |    39 |    49 ||    88
 Cast: Sandblast         |    46 |    15 ||    61
       Stone Arrow       |     3 |    25 ||    28
  Use: Potion            |     1 |     2 ||     3
 Stab: Sleeping          |     1 |       ||     1
  Eat: Chunk             |     3 |     2 ||     5
       Meat ration       |       |     1 ||     1
       Fruit             |       |     1 ||     1
Armor: Robe              |    32 |    32 ||    64
Dodge: Dodged            |    59 |    44 ||   103
